 Dungeon Crawl Stone Soup version 0.26.1-11-gd32895ea62 (webtiles) character file.

Game seed: 717488790450980421

30 Almogavar the Skirmisher (level 3, -1/35 HPs)
             Began as a Gnoll Wanderer on July 10, 2021.
             Slain by a gnoll
             ... wielding a +0 spear
              (9 damage)
             ... on level 2 of the Dungeon.
             The game lasted 00:05:42 (1126 turns).

Almogavar the Skirmisher (Gnoll Wanderer)           Turns: 1126, Time: 00:05:42

Health: -1/35      AC:  2    Str: 15    XL:     3   Next: 20%
Magic:  7/7        EV: 11    Int: 13    God:
Gold:   37         SH:  0    Dex: 15    Spells: 6/7 levels left

rFire    . . .     SeeInvis .   a - +0 dagger
rCold    . . .     Faith    .   (no shield)
rNeg     . . .     Spirit   .   d - +0 robe
rPois    .         Reflect  .   (no helmet)
rElec    .         Harm     .   (no cloak)
rCorr    .         Rampage  .   (no gloves)
Will     .....                  (no boots)
Stlth    +++.......             (no amulet)
HPRegen  0.11/turn              (no ring)
MPRegen  0.10/turn              (no ring)

@: no status effects
A: distributed training, fangs 1, strong nose
a: no special abilities


You were on level 2 of the Dungeon.
You visited 1 branch of the dungeon, and saw 2 of its levels.

You collected 37 gold pieces.

Inventory:

Hand Weapons
 a - a +0 dagger (weapon)
Missiles
 c - 2 poisoned darts (quivered)
 e - 55 stones
Armour
 d - a +0 robe (worn)
 l - a +0 ring mail
Scrolls
 b - a scroll of teleportation
 f - 2 scrolls of amnesia {unknown}
 g - a scroll of immolation {unknown}
 h - a scroll of enchant weapon {unknown}
 j - a scroll of fear {unknown}
 k - 3 scrolls of identify {unknown}
Potions
 i - a potion of flight {unknown}


   Skills:
 + Level 6.5 Fighting
 + Level 0.6 Short Blades
 + Level 0.6 Long Blades
 + Level 0.6 Axes
 + Level 0.6 Maces & Flails
 + Level 0.6 Polearms
 + Level 0.6 Staves
 + Level 0.6 Slings
 + Level 0.6 Bows
 + Level 0.6 Crossbows
 + Level 0.6 Throwing
 + Level 0.6 Armour
 + Level 0.6 Dodging
 + Level 4.1 Stealth
 + Level 0.6 Shields
 + Level 0.6 Unarmed Combat
 + Level 2.8 Spellcasting
 + Level 0.4 Conjurations
 + Level 2.1 Hexes
 + Level 2.1 Summonings
 + Level 0.4 Necromancy
 + Level 0.4 Translocations
 + Level 0.4 Transmutations
 + Level 0.4 Fire Magic
 + Level 0.4 Ice Magic
 + Level 0.4 Air Magic
 + Level 0.4 Earth Magic
 + Level 0.4 Poison Magic
 + Level 0.8 Invocations
 + Level 4.5 Evocations


You had 6 spell levels left.
You knew the following spells:

 Your Spells              Type           Power        Failure   Level
a - Summon Small Mammal   Summ           28%          10%         1

Your spell library contained the following spells:

 Spells                   Type           Power        Failure   Level
 Corona                   Hex            7%           10%         1
 Ensorcelled Hibernation  Hex/Ice        10%          22%         2
 Call Canine Familiar     Summ           7%           30%         3
 Confusing Touch          Hex            7%           30%         3
 Tukima's Dance           Hex            7%           30%         3
 Dazzling Flash           Conj/Hex       10%          38%         3


Dungeon Overview and Level Annotations

Branches:
Dungeon (2/15)

Altars:


Innate Abilities, Weirdness & Mutations

Your experience applies equally to all skills.
You have very sharp teeth.
Your uncanny sense of smell can sniff out nearby items.


Message History

The gnoll looks even sicker.
The gnoll is moderately wounded.
A goblin comes into view. It is wielding a +0 club.
A quokka comes into view.
The gnoll hits you with a +0 spear!
A rat comes into view.
The gnoll barely misses you.
The goblin moves out of view.
You closely miss the gnoll.
The gnoll is heavily wounded.
The goblin shouts!
You hit the gnoll but do no damage.
The gnoll is heavily wounded.
The gnoll hits you from afar with a +0 halberd!
* * * LOW HITPOINT WARNING * * *
The gnoll closely misses you. The gnoll hits you with a +0 club.
* * * LOW HITPOINT WARNING * * *
The gnoll closely misses you.
You see here 15 gold pieces.
The gnoll hits you from afar with a +0 spear!
You die...

.# #.####.#....
. #..>....# ##
#####...# #...#
#...# #†..#
.####...#######
..............#
.......@......#
........$......#
#.####.gg####.##
. #.g.# # #..r#
#..(# ...(.
.g.(.. ∆ ......!


You could see 3 gnolls, a goblin and a rat.

Vanquished Creatures
  An ooze (D:1)
  A dart slug (D:1)
  3 giant cockroaches (D:1)
  5 goblins (D:1)
  3 hobgoblins
  2 bats (D:1)
  3 frilled lizards (D:1)
  2 kobolds (D:1)
  4 rats (D:1)
24 creatures vanquished.

Notes
Turn   | Place    | Note
-------+----------+-------------------------------------------
     0 | D:1      | Almogavar the Gnoll Wanderer began the quest for the Orb.
     0 | D:1      | Almogavar set off with the following items: a +0 dagger, a
                  | scroll of teleportation, a +0 robe; and the following
                  | spells available to memorise: Corona, Summon Small Mammal,
                  | Ensorcelled Hibernation, Call Canine Familiar, Confusing
                  | Touch, Tukima's Dance, Dazzling Flash
     0 | D:1      | Reached XP level 1. HP: 23/23 MP: 4/4
     2 | D:1      | Learned a level 1 spell: Summon Small Mammal
   184 | D:1      | Reached XP level 2. HP: 29/29 MP: 5/5
   658 | D:1      | Reached XP level 3. HP: 32/35 MP: 7/7
  1126 | D:2      | Slain by a gnoll

Illustrated notes

Levels and vault maps discovered:
D:1:      matt_arrival_diagonals, layout_basic
D:2:      layout_loops_cross, okawaru_altar_gauntlet_db, lemuel_crystal_altar,
          old_standard_altar, minmay_goblin_kobold_house, uniq_jessica

Skill      XL: |  1 |
---------------+----+-----
Hexes          | 2 |  2.1
Summonings     | 2 |  2.1
Fighting       | |  6.5
Short Blades   | |  0.6
Long Blades    | |  0.6
Axes           | |  0.6
Maces & Flails | |  0.6
Polearms       | |  0.6
Staves         | |  0.6
Slings         | |  0.6
Bows           | |  0.6
Crossbows      | |  0.6
Throwing       | |  0.6
Armour         | |  0.6
Dodging        | |  0.6
Stealth        | |  4.1
Shields        | |  0.6
Unarmed Combat | |  0.6
Spellcasting   | |  2.8
Conjurations   | |  0.4
Necromancy     | |  0.4
Translocations | |  0.4
Transmutations | |  0.4
Fire Magic     | |  0.4
Ice Magic      | |  0.4
Air Magic      | |  0.4
Earth Magic    | |  0.4
Poison Magic   | |  0.4
Invocations    | |  0.8
Evocations     | |  4.5

Action                   || total
-------------------------++-------
Melee: Dagger            ||    78
       Bite              ||     6
       Punch             ||     1
Throw: Dart              ||     5
 Stab: Sleeping          ||     8
Armor: Robe              ||    16
Dodge: Dodged            ||    35
